| TOP OF THE 1ST |
|
San Francisco (APP) Giants batting - Pitching for Chicago (APP) Cubs : LHP Wilhelm Myers
|
|
Pitching: LHP Wilhelm Myers
|
|
|
Batting: RHB Coen Dirks
|
0-0: Ground out 5-3 (Groundball, 56S, EV 87.5 MPH)
|
|
Batting: RHB Noe Oliva
|
0-0: Ground out 6-3 (Groundball, 6MS, EV 90.0 MPH)
|
|
Batting: RHB Edwin Verdugo
|
0-0: Foul Ball, location: 2F 0-1: Fly out, F9 (Flyball, 9S, EV 92.5 MPH)
|
| Top of the 1st over - 0 runs, 0 hits, 0 errors, 0 left on base; San Francisco (APP) 0 - Chicago (APP) 0 |
| BOTTOM OF THE 1ST |
|
Chicago (APP) Cubs batting - Pitching for San Francisco (APP) Giants : RHP Carlos Solis
|
|
Pitching: RHP Carlos Solis
|
|
|
Batting: SHB Jim Lloyd
|
0-0: Ball 1-0: Ball 2-0: Ground out 4-3 (Groundball, 4, EV 100.6 MPH)
|
|
Batting: RHB Lencho Otieno
|
0-0: Ball 1-0: Called Strike 1-1: Foul Ball, location: 2F 1-2: Ball 2-2: Strikes out looking
|
|
Batting: RHB Andy Baumhardt
|
0-0: Called Strike 0-1: Foul Ball, location: 2F 0-2: Ball 1-2: Foul Ball, location: 2F 1-2: Ball 2-2: Foul Ball, location: 2F 2-2: Ball 3-2: Foul Ball, location: 2F 3-2: Fly out, F9 (Flyball, 9LS, EV 90.6 MPH)
|
| Bottom of the 1st over - 0 runs, 0 hits, 0 errors, 0 left on base; San Francisco (APP) 0 - Chicago (APP) 0 |
| TOP OF THE 2ND |
|
San Francisco (APP) Giants batting - Pitching for Chicago (APP) Cubs : LHP Wilhelm Myers
|
|
Batting: RHB Dave Perron
|
0-0: Foul Ball, location: 2F 0-1: Ball 1-1: Ball 2-1: Swinging Strike 2-2: Ground out 5-3 (Groundball, 56, EV 103.1 MPH)
|
|
Batting: RHB Jaime Rios
|
0-0: Ball 1-0: Ball 2-0: Called Strike 2-1: Ball 3-1: Base on Balls
|
|
Batting: LHB Dennis Jones
|
0-0: Ground out 4-3 (Groundball, 34S, EV 89.4 MPH) Jaime Rios to second
|
|
Batting: RHB Malik Sharpless
|
0-0: Ball Wild Pitch! Jaime Rios to third 1-0: Foul Ball, location: 2F 1-1: Called Strike 1-2: Ground out U3 (Groundball, 34, EV 83.1 MPH)
|
| Top of the 2nd over - 0 runs, 0 hits, 0 errors, 1 left on base; San Francisco (APP) 0 - Chicago (APP) 0 |
| BOTTOM OF THE 2ND |
|
Chicago (APP) Cubs batting - Pitching for San Francisco (APP) Giants : RHP Carlos Solis
|
|
Batting: LHB Jose Mafano
|
0-0: Ball 1-0: Ball 2-0: Foul Ball, location: 2F 2-1: Fly out, F8 (Flyball, 89D, EV 95.6 MPH)
|
|
Batting: RHB Jorge Gonzalez
|
0-0: Fly out, F8 (Flyball, 8LD, EV 103.8 MPH)
|
|
Batting: RHB Andy Villarreal
|
0-0: Ball 1-0: Swinging Strike 1-1: Ball 2-1: Foul Ball, location: 2F 2-2: Strikes out looking
|
| Bottom of the 2nd over - 0 runs, 0 hits, 0 errors, 0 left on base; San Francisco (APP) 0 - Chicago (APP) 0 |
| TOP OF THE 3RD |
|
San Francisco (APP) Giants batting - Pitching for Chicago (APP) Cubs : LHP Wilhelm Myers
|
|
Batting: RHB Alex Peguero
|
0-0: Called Strike 0-1: Swinging Strike 0-2: Ball 1-2: Ball 2-2: Strikes out swinging
|
|
Batting: RHB Jonathan Hemsley
|
0-0: Called Strike 0-1: Ball 1-1: Hit by Pitch
|
|
Batting: RHB Coen Dirks
|
0-0: Ball 1-0: Swinging Strike 1-1: Hit by Pitch Jonathan Hemsley to second
|
|
Batting: RHB Noe Oliva
|
0-0: Ball Wild Pitch! Jonathan Hemsley to third Coen Dirks to second 1-0: Ball 2-0: Ball Passed Ball! Jonathan Hemsley scores Coen Dirks to third 3-0: Base on Balls
|
|
Batting: RHB Edwin Verdugo
|
0-0: Hit by Pitch Noe Oliva to second
|
|
Batting: RHB Dave Perron
|
0-0: Foul Ball, location: 2F 0-1: Ball Wild Pitch! Coen Dirks scores Noe Oliva to third Edwin Verdugo to second 1-1: Ball 2-1: Swinging Strike Passed Ball! Noe Oliva scores Edwin Verdugo to third 2-2: Ball 3-2: Strikes out swinging
|
|
Batting: RHB Jaime Rios
|
0-0: Ball Passed Ball! Edwin Verdugo scores 1-0: Ball 2-0: Called Strike 2-1: Foul Ball, location: 2F 2-2: SINGLE (Line Drive, 56, EV 105.0 MPH)
|
|
Batting: LHB Dennis Jones
|
0-0: Ball 1-0: Foul Ball, location: 2F 1-1: Ground out 4-3 (Groundball, 4, EV 79.4 MPH)
|
| Top of the 3rd over - 4 runs, 1 hit, 0 errors, 1 left on base; San Francisco (APP) 4 - Chicago (APP) 0 |
| BOTTOM OF THE 3RD |
|
Chicago (APP) Cubs batting - Pitching for San Francisco (APP) Giants : RHP Carlos Solis
|
|
Batting: SHB Rob Craft
|
0-0: Ball 1-0: Ball 2-0: Called Strike 2-1: Foul Ball, location: 2F 2-2: Ball 3-2: Base on Balls
|
|
Batting: SHB Joshua Vincent
|
0-0: Ball 1-0: Foul Ball, location: 2F 1-1: Foul Ball, location: 2F 1-2: Ball 2-2: Strikes out swinging
|
|
Batting: LHB Eddie Panagos
|
0-0: Ball 1-0: Bunted foul 1-1: Bunt missed! 1-2: Bunt missed, Strikeout!
|
|
Batting: SHB Jim Lloyd
|
0-0: Foul Ball, location: 2F 0-1: Ball 1-1: Called Strike 1-2: Foul Ball, location: 2F 1-2: Ball 2-2: Ball 3-2: Foul Ball, location: 2F 3-2: Foul Ball, location: 2F 3-2: SINGLE (Groundball, 6D, EV 100.6 MPH) Rob Craft to second Rob Craft to third
|
|
Batting: RHB Lencho Otieno
|
0-0: Called Strike 0-1: Ball 1-1: Called Strike 1-2: Ball 2-2: Strikes out looking
|
| Bottom of the 3rd over - 0 runs, 1 hit, 0 errors, 2 left on base; San Francisco (APP) 4 - Chicago (APP) 0 |
| TOP OF THE 4TH |
|
San Francisco (APP) Giants batting - Pitching for Chicago (APP) Cubs : LHP Wilhelm Myers
|
|
Batting: RHB Malik Sharpless
|
0-0: Ball 1-0: Ball 2-0: Ball 3-0: Base on Balls
|
|
Batting: RHB Alex Peguero
|
0-0: Ball Passed Ball! Malik Sharpless to second 1-0: Foul Ball, location: 2F 1-1: Ball 2-1: Ground out 6-3 (Groundball, 6, EV 93.8 MPH) Malik Sharpless to third
|
|
Batting: RHB Jonathan Hemsley
|
0-0: Foul Ball, location: 2F 0-1: Ball 1-1: Ball 2-1: Ball 3-1: Foul Ball, location: 2F 3-2: Foul Ball, location: 2F 3-2: Base on Balls
|
|
Batting: RHB Coen Dirks
|
0-0: Grounds into double play, 6-4-3 (Groundball, 6, EV 101.9 MPH)
|
| Top of the 4th over - 0 runs, 0 hits, 0 errors, 1 left on base; San Francisco (APP) 4 - Chicago (APP) 0 |
| BOTTOM OF THE 4TH |
|
Chicago (APP) Cubs batting - Pitching for San Francisco (APP) Giants : RHP Carlos Solis
|
|
Batting: RHB Andy Baumhardt
|
0-0: Fly out, F9 (Flyball, 9, EV 80.0 MPH)
|
|
Batting: LHB Jose Mafano
|
0-0: Ball 1-0: Ball 2-0: Ball 3-0: Called Strike 3-1: Foul Ball, location: 2F 3-2: Strikes out swinging
|
|
Batting: RHB Jorge Gonzalez
|
0-0: Ball 1-0: Called Strike 1-1: Ground out 5-3 (Groundball, 56, EV 86.2 MPH)
|
| Bottom of the 4th over - 0 runs, 0 hits, 0 errors, 0 left on base; San Francisco (APP) 4 - Chicago (APP) 0 |
| TOP OF THE 5TH |
|
San Francisco (APP) Giants batting - Pitching for Chicago (APP) Cubs : LHP Wilhelm Myers
|
|
Batting: RHB Noe Oliva
|
0-0: Ball 1-0: Ball 2-0: Ground out 5-3 (Groundball, 56S, EV 83.8 MPH)
|
|
Batting: RHB Edwin Verdugo
|
0-0: Swinging Strike 0-1: Ball 1-1: Foul Ball, location: 2F 1-2: TRIPLE (Line Drive, 78XD, EV 110.0 MPH)
|
|
Batting: RHB Dave Perron
|
0-0: Ball Passed Ball! Edwin Verdugo scores 1-0: Ground out 4-3 (Groundball, 34, EV 100.0 MPH)
|
|
Batting: RHB Jaime Rios
|
0-0: Ball 1-0: SOLO HOME RUN (Line Drive, 7D, EV 98.8 MPH), Distance : 405 ft
|
|
Batting: LHB Dennis Jones
|
0-0: Called Strike 0-1: Fly out, F9 (Flyball, 89S, EV 90.6 MPH)
|
| Top of the 5th over - 2 runs, 2 hits, 0 errors, 0 left on base; San Francisco (APP) 6 - Chicago (APP) 0 |
| BOTTOM OF THE 5TH |
|
Chicago (APP) Cubs batting - Pitching for San Francisco (APP) Giants : RHP Carlos Solis
|
|
Batting: RHB Andy Villarreal
|
0-0: Ball 1-0: Called Strike 1-1: Called Strike 1-2: Foul Ball, location: 2F 1-2: Strikes out looking
|
|
Batting: SHB Rob Craft
|
0-0: Ball 1-0: Foul Ball, location: 2F 1-1: Swinging Strike 1-2: Foul Ball, location: 2F 1-2: Foul Ball, location: 2F 1-2: Ball 2-2: Strikes out swinging
|
|
Batting: SHB Joshua Vincent
|
0-0: Ball 1-0: Ball 2-0: Foul Ball, location: 2F 2-1: Foul Ball, location: 2F 2-2: Fly out, F8 (Flyball, 8RD, EV 103.1 MPH)
|
| Bottom of the 5th over - 0 runs, 0 hits, 0 errors, 0 left on base; San Francisco (APP) 6 - Chicago (APP) 0 |
| TOP OF THE 6TH |
|
San Francisco (APP) Giants batting - Pitching for Chicago (APP) Cubs : LHP Wilhelm Myers
|
|
Batting: RHB Malik Sharpless
|
0-0: Ball 1-0: Foul Ball, location: 2F 1-1: Ball 2-1: SINGLE (Groundball, 5S, EV 66.9 MPH) (infield hit)
|
|
Batting: RHB Alex Peguero
|
0-0: DOUBLE (Flyball, 8RXD, EV 101.2 MPH) Malik Sharpless to third
|
|
Pitching: RHP Luis Solis
|
|
|
Batting: RHB Jonathan Hemsley
|
0-0: Called Strike 0-1: Ball 1-1: Called Strike 1-2: Ball 2-2: Foul Ball, location: 2F 2-2: Strikes out swinging
|
|
Batting: RHB Coen Dirks
|
0-0: Called Strike 0-1: Foul Ball, location: 2F 0-2: SINGLE (Line Drive, 8RS, EV 100.0 MPH) Malik Sharpless scores Alex Peguero to third
|
|
Batting: RHB Noe Oliva
|
0-0: Ball Passed Ball! Alex Peguero scores Coen Dirks to second Balk! Coen Dirks to third 1-0: 2-RUN HOME RUN (Flyball, 9D, EV 100.0 MPH), Distance : 398 ft
|
|
Batting: RHB Edwin Verdugo
|
0-0: Called Strike 0-1: Called Strike 0-2: Ball 1-2: Ball 2-2: Ball 3-2: Base on Balls
|
|
Batting: RHB Dave Perron
|
0-0: Ball 1-0: Ball 2-0: Foul Ball, location: 2F 2-1: Called Strike 2-2: Foul Ball, location: 2F 2-2: DOUBLE (Line Drive, 9LS, EV 93.8 MPH) Edwin Verdugo to third
|
|
Pitching: RHP Man-keung Li
|
|
|
Batting: RHB Jaime Rios
|
0-0: Foul Ball, location: 2F 0-1: Foul Ball, location: 2F 0-2: DOUBLE (Line Drive, 9LS, EV 86.9 MPH) Edwin Verdugo scores Dave Perron scores
|
|
Batting: LHB Dennis Jones
|
0-0: Foul Ball, location: 2F 0-1: Ball 1-1: Ball 2-1: Ball Passed Ball! Jaime Rios to third 3-1: Swinging Strike 3-2: Strikes out swinging
|
|
Batting: RHB Malik Sharpless
|
0-0: Ball Passed Ball! Jaime Rios scores 1-0: Called Strike 1-1: Ball 2-1: Ball 3-1: SINGLE (Line Drive, 56D, EV 98.1 MPH)
|
|
Batting: RHB Alex Peguero
|
0-0: Ball 1-0: Ball Passed Ball! Malik Sharpless to second 2-0: Called Strike 2-1: Fly out, F8 (Flyball, 78M, EV 82.5 MPH)
|
| Top of the 6th over - 7 runs, 7 hits, 0 errors, 1 left on base; San Francisco (APP) 13 - Chicago (APP) 0 |
| BOTTOM OF THE 6TH |
|
Chicago (APP) Cubs batting - Pitching for San Francisco (APP) Giants : RHP Carlos Solis
|
|
Pitching: LHP Jason Haas
|
|
|
Batting: LHB Eddie Panagos
|
0-0: Ball 1-0: Ball 2-0: Ball 3-0: Base on Balls
|
|
Batting: SHB Jim Lloyd
|
0-0: Ball 1-0: Foul Ball, location: 2F 1-1: Ball 2-1: Swinging Strike 2-2: Ball 3-2: Fielders Choice at 2nd, 3-6 (Groundball, 34, EV 79.4 MPH)
|
|
Batting: RHB Lencho Otieno
|
0-0: Ball 1-0: Ball Jim Lloyd is caught stealing 2nd base 2-4 2-0: Ball 3-0: Base on Balls
|
|
Batting: RHB Andy Baumhardt
|
0-0: Foul Ball, location: 2F 0-1: Fielders Choice at 2nd, 5-4 (Groundball, 56, EV 80.6 MPH)
|
| Bottom of the 6th over - 0 runs, 0 hits, 0 errors, 1 left on base; San Francisco (APP) 13 - Chicago (APP) 0 |
| TOP OF THE 7TH |
|
San Francisco (APP) Giants batting - Pitching for Chicago (APP) Cubs : RHP Man-keung Li
|
|
Pitching: RHP Mike Reusch
|
|
|
Pinch Hitting: RHB Rúbem Trancoso
|
0-0: Foul Ball, location: 2F 0-1: Ball 1-1: Ground out 5-3 (Groundball, 5, EV 103.8 MPH)
|
|
Pinch Hitting: LHB Chris West
|
0-0: Ball 1-0: Ball 2-0: Foul Ball, location: 2F 2-1: Ball 3-1: DOUBLE (Flyball, 89D, EV 100.0 MPH)
|
|
Batting: RHB Noe Oliva
|
0-0: Ball Passed Ball! Chris West to third 1-0: Ball 2-0: Ball Passed Ball! Chris West scores 3-0: Called Strike 3-1: Called Strike 3-2: Strikes out looking
|
|
Batting: RHB Edwin Verdugo
|
0-0: Foul Ball, location: 2F 0-1: Foul Ball, location: 2F 0-2: Ball 1-2: SINGLE (Groundball, 25, EV 70.0 MPH) (infield hit)
|
|
Pitching: RHP Robbie Schoen
|
|
|
Batting: RHB Dave Perron
|
0-0: Ball 1-0: Called Strike 1-1: Ball Passed Ball! Edwin Verdugo to second 2-1: Called Strike 2-2: Ball 3-2: Foul Ball, location: 2F 3-2: Base on Balls
|
|
Batting: RHB Jaime Rios
|
0-0: Foul Ball, location: 2F 0-1: Ball 1-1: SINGLE (Line Drive, 9S, EV 88.1 MPH) Edwin Verdugo to third Dave Perron to second Runner from 3rd tries for Home, throw by RF and OUT! 9-2
|
| Top of the 7th over - 1 run, 3 hits, 0 errors, 2 left on base; San Francisco (APP) 14 - Chicago (APP) 0 |
| BOTTOM OF THE 7TH |
|
Chicago (APP) Cubs batting - Pitching for San Francisco (APP) Giants : LHP Jason Haas
|
|
Now at 1B: Chris West
|
|
|
Now in RF: Rúbem Trancoso
|
|
|
Batting: LHB Jose Mafano
|
0-0: Fly out, F8 (Flyball, 8RXD, EV 78.8 MPH)
|
|
Batting: RHB Jorge Gonzalez
|
0-0: Foul Ball, location: 2F 0-1: Ball 1-1: Fly out, F8 (Flyball, 8LD, EV 90.6 MPH)
|
|
Batting: RHB Andy Villarreal
|
0-0: Swinging Strike 0-1: Ball 1-1: Foul Ball, location: 2F 1-2: Ball 2-2: Foul Ball, location: 2F 2-2: SINGLE (Groundball, 4MD, EV 103.8 MPH)
|
|
Batting: SHB Rob Craft
|
0-0: Called Strike 0-1: Ball 1-1: Ground out 5-3 (Groundball, 56S, EV 83.1 MPH)
|
| Bottom of the 7th over - 0 runs, 1 hit, 0 errors, 1 left on base; San Francisco (APP) 14 - Chicago (APP) 0 |
| TOP OF THE 8TH |
|
San Francisco (APP) Giants batting - Pitching for Chicago (APP) Cubs : RHP Robbie Schoen
|
|
Batting: LHB Dennis Jones
|
0-0: Called Strike 0-1: Ball 1-1: Foul Ball, location: 2F 1-2: Ball 2-2: Ball 3-2: Foul Ball, location: 2F 3-2: Foul Ball, location: 2F 3-2: Base on Balls
|
|
Pitching: RHP Masato Iwase
|
|
|
Batting: RHB Malik Sharpless
|
0-0: Called Strike 0-1: Ball 1-1: Ball Passed Ball! Dennis Jones to second 2-1: Ball Wild Pitch! Dennis Jones to third 3-1: Called Strike 3-2: Base on Balls
|
|
Batting: RHB Alex Peguero
|
0-0: Fly out, F7 (Flyball, 7S, EV 96.2 MPH)
|
|
Pinch Hitting: RHB Tsugio Yamaguchi
|
0-0: Swinging Strike 0-1: Ball 1-1: Foul Ball, location: 2F 1-2: Ball 2-2: 3-RUN HOME RUN (Flyball, 7LD, EV 98.8 MPH), Distance : 356 ft
|
|
Batting: LHB Chris West
|
0-0: Ball 1-0: Ball 2-0: Foul Ball, location: 2F 2-1: SOLO HOME RUN (Flyball, 9LD, EV 92.5 MPH), Distance : 343 ft
|
|
Batting: RHB Noe Oliva
|
0-0: Called Strike 0-1: Foul Ball, location: 2F 0-2: Ball 1-2: SINGLE (Line Drive, 34D, EV 96.2 MPH)
|
|
Pitching: RHP Bobby Almonte
|
|
|
Batting: RHB Edwin Verdugo
|
0-0: DOUBLE (Flyball, 89D, EV 101.2 MPH) Noe Oliva to third
|
|
Pinch Hitting: RHB Azeem bin Zuhair
|
0-0: Ball 1-0: Swinging Strike 1-1: Swinging Strike Passed Ball! Noe Oliva scores Edwin Verdugo to third 1-2: Strikes out swinging passed ball, reaches first! Edwin Verdugo scores
|
|
Batting: RHB Jaime Rios
|
0-0: DOUBLE (Line Drive, 89D, EV 109.4 MPH) Azeem bin Zuhair to third Runner from 3rd tries for Home, SAFE, no throw by CF
|
|
Batting: LHB Dennis Jones
|
0-0: Ball 1-0: Ball Wild Pitch! Jaime Rios to third 2-0: Called Strike 2-1: Swinging Strike 2-2: Strikes out swinging
|
|
Batting: RHB Malik Sharpless
|
0-0: 2-RUN HOME RUN (Flyball, 78XD, EV 107.5 MPH), Distance : 426 ft
|
|
Batting: RHB Alex Peguero
|
0-0: Called Strike 0-1: Ball 1-1: SOLO HOME RUN (Flyball, 7D, EV 107.5 MPH), Distance : 397 ft
|
|
Batting: RHB Tsugio Yamaguchi
|
0-0: Swinging Strike 0-1: Foul Ball, location: 2F 0-2: Foul Ball, location: 2F 0-2: Ground out 4-3 (Groundball, 4M, EV 96.2 MPH)
|
| Top of the 8th over - 10 runs, 7 hits, 0 errors, 0 left on base; San Francisco (APP) 24 - Chicago (APP) 0 |
| BOTTOM OF THE 8TH |
|
Chicago (APP) Cubs batting - Pitching for San Francisco (APP) Giants : LHP Jason Haas
|
|
Now in LF: Azeem bin Zuhair
|
|
|
Now in RF: Ricky Aguilar
|
|
|
Batting: SHB Joshua Vincent
|
0-0: Foul Ball, location: 2F 0-1: Ball 1-1: Called Strike 1-2: Ball 2-2: Ball 3-2: Strikes out swinging
|
|
Pitching: RHP Danny Estrada
|
|
|
Batting: LHB Eddie Panagos
|
0-0: Called Strike 0-1: Ball 1-1: Swinging Strike 1-2: Foul Ball, location: 2F 1-2: Ball 2-2: Ball 3-2: Foul Ball, location: 2F 3-2: Ground out U3 (Groundball, 3, EV 90.0 MPH)
|
|
Batting: SHB Jim Lloyd
|
0-0: Ball 1-0: Foul Ball, location: 2F 1-1: Called Strike 1-2: Ball 2-2: Strikes out looking
|
| Bottom of the 8th over - 0 runs, 0 hits, 0 errors, 0 left on base; San Francisco (APP) 24 - Chicago (APP) 0 |
| TOP OF THE 9TH |
|
San Francisco (APP) Giants batting - Pitching for Chicago (APP) Cubs : RHP Bobby Almonte
|
|
Batting: LHB Chris West
|
0-0: Swinging Strike 0-1: Ball 1-1: Swinging Strike 1-2: Fly out, F9 (Flyball, 9LSF, EV 88.8 MPH)
|
|
Batting: RHB Noe Oliva
|
0-0: Called Strike 0-1: Foul Ball, location: 2F 0-2: Ground out 5-3 (Groundball, 56S, EV 85.0 MPH)
|
|
Batting: RHB Edwin Verdugo
|
0-0: Ball 1-0: Ball 2-0: Ball 3-0: Called Strike 3-1: Base on Balls
|
|
Pinch Hitting: RHB Zach Maguire
|
0-0: Foul Ball, location: 2F 0-1: Ball 1-1: Ball 2-1: Ball 3-1: Fly out, F8 (Flyball, 8LXD, EV 103.8 MPH)
|
| Top of the 9th over - 0 runs, 0 hits, 0 errors, 1 left on base; San Francisco (APP) 24 - Chicago (APP) 0 |
| BOTTOM OF THE 9TH |
|
Chicago (APP) Cubs batting - Pitching for San Francisco (APP) Giants : RHP Danny Estrada
|
|
Now in LF: Vinny Torres
|
|
|
Batting: RHB Lencho Otieno
|
0-0: Called Strike 0-1: Called Strike 0-2: Ball 1-2: Ground out 2-3 (Groundball, 2L, EV 66.9 MPH)
|
|
Batting: RHB Andy Baumhardt
|
0-0: Ground out 5-3 (Groundball, 56, EV 88.8 MPH)
|
|
Batting: LHB Jose Mafano
|
0-0: Called Strike 0-1: Foul Ball, location: 2F 0-2: SINGLE (Flyball, 3D, EV 86.9 MPH)
|
|
Batting: RHB Jorge Gonzalez
|
0-0: Foul Ball, location: 2F 0-1: Ground out 5-3 (Groundball, 5S, EV 82.5 MPH)
|
| Bottom of the 9th over - 0 runs, 1 hit, 0 errors, 1 left on base; San Francisco (APP) 24 - Chicago (APP) 0 |
|